 Dungeon Crawl Stone Soup version 0.29.0-4-gdea44cf6ec (webtiles) character file.

Game seed: 12722155700557389894

5480 qw the Grappler (level 10, -1/92 HPs)
             Began as a Troll Cinder Acolyte on Sept 1, 2022.
             Was a Priest of Ignis.
             Slain by an unseen horror (6 damage)
             ... on level 9 of the Dungeon.
             The game lasted 00:05:34 (8394 turns).

qw the Grappler (Troll Cinder Acolyte)              Turns: 8394, Time: 00:05:35

Health: -1/92      AC:  8    Str: 28    XL:     10   Next: 42%
Magic:  10/10      EV: 12    Int: 10    God:    Ignis [***...]
Gold:   400        SH:  8    Dex:  5    Spells: 11/11 levels left

rFire   + . .      SeeInvis .     - Unarmed
rCold   . . .      Faith    .   b - +0 kite shield
rNeg    . . .      Spirit   .   r - +0 steam dragon scales
rPois   +          Reflect  .   (helmet restricted)
rElec   .          Harm     .   h - +0 cloak
rCorr   .          Rampage  .   (gloves unavailable)
Will    .....                   (boots unavailable)
Stlth   +.........              (no amulet)
HPRegen 1.05/turn               f - +4 ring of evasion
MPRegen 0.12/turn               i - ring of poison resistance

@: no status effects
A: large, unfitting armour, claws 3, regeneration 1, shaggy fur 1, tough skin 1
a: Renounce Religion, Fiery Armour, Foxfire Swarm, Rising Flame


You were on level 9 of the Dungeon.
You worshipped Ignis.
Ignis was most pleased with you.
You visited 1 branch of the dungeon, and saw 9 of its levels.
You also visited: Sewer.

You collected 400 gold pieces.


Innate Abilities, Weirdness & Mutations

You are too large for most types of armour.
You have claws for hands.
Your natural rate of healing is unusually fast.
You are covered in fur. (AC +1)
You have tough skin. (AC +1)


   Skills:
 - Level 4.0 Fighting
 - Level 1.2 Throwing
 - Level 1.3 Armour
 - Level 1.3 Dodging
 - Level 9.0 Shields
 + Level 11.4 Unarmed Combat
 - Level 1.0 Spellcasting
 - Level 2.1 Fire Magic


You had 11 spell levels left.
You didn't know any spells.
Your spell library contained the following spells:

 Spells                   Type           Power      Damage    Failure   Level
 Scorch                   Fire           8%         2d5       38%         2

Inventory:

Missiles
 g - 6 boomerangs (quivered)
Armour
 b - a +0 kite shield (worn)
 h - a +0 cloak (worn)
 r - +0 steam dragon scales (worn)
Jewellery
 f - a +4 ring of evasion (left claw)
 i - a ring of poison resistance (right claw)
 k - a ring of poison resistance
 t - a ring of protection from cold
Scrolls
 j - 4 scrolls of identify
 n - a scroll of brand weapon
 p - a scroll of teleportation
 q - a scroll of enchant weapon
Potions
 a - a potion of berserk rage {unknown}
 c - 2 potions of might
 d - 7 potions of curing
 e - 6 potions of haste
 l - a potion of resistance
 m - 2 potions of heal wounds
 o - a potion of mutation

Dungeon Overview and Level Annotations

Branches:
Dungeon (9/15)             Temple (0/1) D:5           Sewer (visited)
   Lair: D:8-11         Orc: D:9-12

Altars:
Ashenzari
Cheibriados
Elyvilon
Gozag
Kikubaaqudgha
Okawaru
Ru
Sif Muna
Trog
Wu Jian
Xom
Yredelemnul

Shops:
D:1 [   D:2 =

Annotations:
D:6 2 transporters, qw's ghost, novice TrCA


Message History

Something hits you!
You swing at nothing.
Something hits you but does no damage.
You swing at nothing.
Something hits you but does no damage.
You swing at nothing.
You block something's attack. Something hits you but does no damage.
You swing at nothing.
Something hits you but does no damage.
You swing at nothing.
Something hits you but does no damage.
You scratch something. Something hits you but does no damage.
You swing at nothing.
Something hits you.
You swing at nothing.
You block something's attack.
You swing at nothing.
Something hits you. Something hits you!
You swing at nothing.
Something hits you.
You swing at nothing.
Something hits you!
You swing at nothing.
Something hits you. Something hits you but does no damage.
You claw something! You block something's attack.
You swing at nothing.
Something completely misses you.
You swing at nothing.
Something hits you.
You swing at nothing.
Something hits you.
You swing at nothing.
Something hits you!
You swing at nothing.
Something hits you but does no damage.
You swing at nothing.
Something hits you.
You die...

..#####......)........
..#####.................
...###..................
........................
........................
........................
........................
................)........
..........###..)@.###..... .
.........#####.).## #.... ..
.........#####...# #...## .#
.........#####...## ##....## .##
..........###.....###......#...#.
...........................)..8#.
.........................).#...#.
...........................######
................................#


There were no monsters in sight!

Vanquished Creatures
  A two-headed ogre (D:8)
  2 wyverns
  2 steam dragons
  Edmund (D:5)
  A water moccasin (D:7)
  3 orc warriors
  An ogre (D:6)
  4 centaurs
  A phantom (D:5)
  3 kobold brigands
  A wyvern zombie (D:7)
  2 bullfrogs (D:8)
  A gnoll sergeant (D:5)
  A necrophage (D:6)
  A water moccasin zombie (D:7)
  3 scorpions
  13 wights
  7 killer bees
  An electric eel (D:7)
  5 howler monkeys
  A bullfrog zombie (D:7)
  A jelly (D:6)
  3 hounds
  2 centaur zombies (D:7)
  7 orc priests
  A gnoll bouda (D:4)
  Jessica (D:2)
  5 iguanas
  8 orc wizards
  2 killer bee zombies (D:7)
  A howler monkey zombie (D:7)
  6 river rats (Sewer)
  19 adders
  10 gnolls
  A white imp (D:6)
  A dart slug (D:1)
  52 orcs
  6 bats
  11 endoplasms
  13 giant cockroaches
  7 goblins
  7 hobgoblins
  6 jackals
  2 quokkas
  7 ball pythons
  12 frilled lizards
  30 kobolds
  23 rats
299 creatures vanquished.

Vanquished Creatures (others)
  2 orcs (D:7)
  8 plants (D:6)
10 creatures vanquished.

Grand Total: 309 creatures vanquished

Notes
Turn   | Place    | Note
-------+----------+-------------------------------------------
     0 | D:1      | qw the Troll Cinder Acolyte began the quest for the Orb.
     0 | D:1      | Reached XP level 1. HP: 22/22 MP: 1/1
     0 | D:1      | 0 ||| qw: Version: 0.1-a-97-g2dd2ca4
     0 | D:1      | 0 ||| qw: Game counter: 4839
     0 | D:1      | 0 ||| qw: Always use a shield: true
     0 | D:1      | 0 ||| qw: God list: Okawaru
     0 | D:1      | 0 ||| qw: Allow faded altars: false
     0 | D:1      | 0 ||| qw: Do Orc after D:15 true
     0 | D:1      | 0 ||| qw: Do second Lair branch before Depths: true
     0 | D:1      | 0 ||| qw: Lair rune preference: random
     0 | D:1      | 0 ||| qw: Plans: Normal
     0 | D:1      | 0 ||| PLANNING D:1-11
    40 | D:1      | Found a faded altar of an unknown god.
   175 | D:1      | Reached XP level 2. HP: 29/29 MP: 2/2
   270 | D:1      | Reached skill level 4 in Unarmed Combat
   378 | D:1      | Reached XP level 3. HP: 36/36 MP: 3/3
   616 | D:1      | Found Lekh's Antique Armour Boutique.
   657 | D:1      | 657 ||| UPGRADING to +0 kite shield.
   662 | D:1      | 662 ||| READING scroll labelled TUPTUSCHEQUENU.
   760 | D:2      | 760 ||| Stepping ~*~*~tactically~*~*~ (stealth).
   887 | D:2      | Reached skill level 1 in Shields
   970 | D:2      | 970 ||| Stepping ~*~*~tactically~*~*~ (stealth).
  1012 | D:2      | 1012 ||| Stepping ~*~*~tactically~*~*~ (stealth).
  1014 | D:2      | 1014 ||| Stepping ~*~*~tactically~*~*~ (stealth).
  1033 | D:2      | Reached XP level 4. HP: 44/44 MP: 4/4
  1157 | D:2      | Found Nytailik's Jewellery Boutique.
  1168 | D:2      | Noticed Jessica
  1169 | D:2      | 1169 ||| Stepping ~*~*~tactically~*~*~ (hiding).
  1175 | D:2      | Killed Jessica
  1181 | D:2      | 1181 ||| SHOPLISTING +6 ring of dexterity (360 gold, have
                  | 88).
  1181 | D:2      | 1181 ||| SHOPLISTING amulet of reflection (300 gold, have
                  | 88).
  1181 | D:2      | 1181 ||| SHOPLISTING amulet of regeneration (300 gold, have
                  | 88).
  1181 | D:2      | 1181 ||| SHOPLISTING ring "Mories" {Fly rElec Dex+2} (357
                  | gold, have 88).
  1181 | D:2      | 1181 ||| SHOPLISTING ring of protection from cold (250
                  | gold, have 88).
  1181 | D:2      | 1181 ||| SHOPLISTING ring of see invisible (150 gold, have
                  | 88).
  1624 | D:2      | 1624 ||| UPGRADING to +4 ring of evasion.
  1625 | D:2      | 1625 ||| UPGRADING to ring of poison resistance.
  1626 | D:2      | 1626 ||| READING 5 scrolls labelled MAYTWO QUHAXA.
  1627 | D:2      | 1627 ||| READING scroll labelled LOODOLOUSINK.
  1628 | D:2      | 1628 ||| READING scroll labelled OTUASKIUTA.
  1632 | D:2      | 1632 ||| READING 4 scrolls of identify.
  1632 | D:2      | 1632 ||| IDENTIFYING purple potion
  1633 | D:2      | 1633 ||| READING 3 scrolls of identify.
  1633 | D:2      | 1633 ||| IDENTIFYING white potion
  1634 | D:2      | 1634 ||| READING 2 scrolls of identify.
  1634 | D:2      | 1634 ||| IDENTIFYING fuming green potion
  1683 | D:3      | Reached skill level 3 in Shields
  1781 | D:3      | Found an ancient bone altar of Kikubaaqudgha.
  1827 | D:3      | Reached XP level 5. HP: 48/50 MP: 5/5
  1854 | D:3      | 1854 ||| Stepping ~*~*~tactically~*~*~ (outnumbered).
  1855 | D:3      | 1855 ||| Stepping ~*~*~tactically~*~*~ (outnumbered).
  1857 | D:3      | HP: 10/50 [hobgoblin (4)]
  1858 | D:3      | 1858 ||| INVOKING Fiery Armour.
  1865 | D:3      | 1865 ||| Stepping ~*~*~tactically~*~*~ (outnumbered).
  1866 | D:3      | 1866 ||| Stepping ~*~*~tactically~*~*~ (outnumbered).
  1867 | D:3      | 1867 ||| Stepping ~*~*~tactically~*~*~ (outnumbered).
  1868 | D:3      | 1868 ||| Stepping ~*~*~tactically~*~*~ (outnumbered).
  1869 | D:3      | 1869 ||| Stepping ~*~*~tactically~*~*~ (outnumbered).
  1870 | D:3      | 1870 ||| Stepping ~*~*~tactically~*~*~ (outnumbered).
  1872 | D:3      | 1872 ||| Stepping ~*~*~tactically~*~*~ (outnumbered).
  2325 | D:3      | 2325 ||| READING scroll labelled SOREIJ DINGE.
  2426 | D:3      | 2426 ||| READING scroll labelled UNAOTW PESAVVUG.
  2427 | D:3      | 2427 ||| READING 3 scrolls of identify.
  2427 | D:3      | 2427 ||| IDENTIFYING black potion
  2428 | D:3      | 2428 ||| READING 2 scrolls of identify.
  2428 | D:3      | 2428 ||| IDENTIFYING smoky purple potion
  2429 | D:3      | 2429 ||| DROPPING potion of flight.
  2430 | D:3      | 2430 ||| DROPPING potion of attraction.
  2637 | D:4      | Reached XP level 6. HP: 58/59 MP: 6/6
  2638 | D:4      | Reached skill level 5 in Unarmed Combat
  2893 | D:4      | 2893 ||| Stepping ~*~*~tactically~*~*~ (stealth).
  2895 | D:4      | 2895 ||| Stepping ~*~*~tactically~*~*~ (stealth).
  3004 | D:4      | 3004 ||| Stepping ~*~*~tactically~*~*~ (stealth).
  3007 | D:4      | 3007 ||| Stepping ~*~*~tactically~*~*~ (hiding).
  3015 | D:4      | 3015 ||| Stepping ~*~*~tactically~*~*~ (outnumbered).
  3017 | D:4      | 3017 ||| Stepping ~*~*~tactically~*~*~ (outnumbered).
  3018 | D:4      | 3018 ||| Stepping ~*~*~tactically~*~*~ (outnumbered).
  3054 | D:4      | Reached skill level 6 in Unarmed Combat
  3066 | D:4      | 3066 ||| INVOKING Fiery Armour.
  3068 | D:4      | 3068 ||| Stepping ~*~*~tactically~*~*~ (hiding).
  3073 | D:4      | 3073 ||| Stepping ~*~*~tactically~*~*~ (outnumbered).
  3085 | D:4      | Reached XP level 7. HP: 56/66 MP: 7/7
  3475 | D:4      | 3475 ||| UPGRADING to +0 cloak.
  3480 | D:4      | 3480 ||| READING scroll labelled ENEIXEORO.
  3481 | D:4      | 3481 ||| READING scroll labelled VYRPHE SOREKLYT.
  3482 | D:4      | 3482 ||| DRINKING 2 viscous puce potions.
  3583 | D:4      | 3583 ||| DROPPING potion of ambrosia.
  3608 | D:5      | Entered Level 5 of the Dungeon
  3609 | D:5      | 3609 ||| PLANNING SEWER
  3618 | D:5      | Found a glowing drain.
  3727 | D:5      | 3727 ||| READING scroll labelled YBRUHO DOYFO.
  3728 | D:5      | 3728 ||| READING scroll labelled PYNWITEIKK.
  3761 | D:5      | 3761 ||| Stepping ~*~*~tactically~*~*~ (outnumbered).
  3763 | D:5      | 3763 ||| Stepping ~*~*~tactically~*~*~ (outnumbered).
  3784 | Sewer    | Entered a sewer
  3800 | Sewer    | 3800 ||| Stepping ~*~*~tactically~*~*~ (outnumbered).
  3803 | Sewer    | 3803 ||| Stepping ~*~*~tactically~*~*~ (outnumbered).
  3805 | Sewer    | 3805 ||| Stepping ~*~*~tactically~*~*~ (outnumbered).
  3806 | Sewer    | 3806 ||| Stepping ~*~*~tactically~*~*~ (outnumbered).
  3807 | Sewer    | 3807 ||| Stepping ~*~*~tactically~*~*~ (outnumbered).
  3841 | Sewer    | 3841 ||| Stepping ~*~*~tactically~*~*~ (outnumbered).
  3842 | Sewer    | 3842 ||| Stepping ~*~*~tactically~*~*~ (outnumbered).
  3843 | Sewer    | 3843 ||| Stepping ~*~*~tactically~*~*~ (outnumbered).
  3844 | Sewer    | 3844 ||| Stepping ~*~*~tactically~*~*~ (outnumbered).
  3846 | Sewer    | 3846 ||| Stepping ~*~*~tactically~*~*~ (outnumbered).
  3906 | Sewer    | 3906 ||| INVOKING Fiery Armour.
  3935 | Sewer    | 3935 ||| Stepping ~*~*~tactically~*~*~ (stealth).
  3936 | Sewer    | 3936 ||| Stepping ~*~*~tactically~*~*~ (stealth).
  3939 | Sewer    | 3939 ||| Stepping ~*~*~tactically~*~*~ (stealth).
  3940 | Sewer    | 3940 ||| Stepping ~*~*~tactically~*~*~ (stealth).
  3942 | Sewer    | 3942 ||| Stepping ~*~*~tactically~*~*~ (outnumbered).
  3943 | Sewer    | 3943 ||| Stepping ~*~*~tactically~*~*~ (outnumbered).
  3944 | Sewer    | 3944 ||| Stepping ~*~*~tactically~*~*~ (outnumbered).
  3946 | Sewer    | 3946 ||| Stepping ~*~*~tactically~*~*~ (outnumbered).
  3947 | Sewer    | 3947 ||| Stepping ~*~*~tactically~*~*~ (outnumbered).
  3948 | Sewer    | 3948 ||| Stepping ~*~*~tactically~*~*~ (outnumbered).
  3949 | Sewer    | 3949 ||| Stepping ~*~*~tactically~*~*~ (outnumbered).
  3950 | Sewer    | 3950 ||| Stepping ~*~*~tactically~*~*~ (outnumbered).
  4047 | Sewer    | 4047 ||| Stepping ~*~*~tactically~*~*~ (outnumbered).
  4060 | Sewer    | Reached skill level 7 in Unarmed Combat
  4136 | Sewer    | 4136 ||| Stepping ~*~*~tactically~*~*~ (outnumbered).
  4137 | Sewer    | 4137 ||| Stepping ~*~*~tactically~*~*~ (outnumbered).
  4138 | Sewer    | 4138 ||| Stepping ~*~*~tactically~*~*~ (outnumbered).
  4139 | Sewer    | 4139 ||| Stepping ~*~*~tactically~*~*~ (outnumbered).
  4140 | Sewer    | 4140 ||| Stepping ~*~*~tactically~*~*~ (outnumbered).
  4141 | Sewer    | 4141 ||| Stepping ~*~*~tactically~*~*~ (outnumbered).
  4143 | Sewer    | 4143 ||| Stepping ~*~*~tactically~*~*~ (outnumbered).
  4144 | Sewer    | 4144 ||| Stepping ~*~*~tactically~*~*~ (outnumbered).
  4394 | Sewer    | 4394 ||| READING scroll labelled VEUMAG ERORPH.
  4395 | Sewer    | 4395 ||| DRINKING 3 red potions.
  4396 | Sewer    | 4396 ||| READING 3 scrolls of identify.
  4396 | Sewer    | 4396 ||| IDENTIFYING smoky dark potion
  4397 | Sewer    | 4397 ||| READING 2 scrolls of identify.
  4397 | Sewer    | 4397 ||| IDENTIFYING murky coppery potion
  4432 | D:5      | 4432 ||| PLANNING D:1-11
  4478 | D:5      | 4478 ||| Stepping ~*~*~tactically~*~*~ (stealth).
  4592 | D:5      | Noticed Edmund
  4605 | D:5      | Killed Edmund
  4669 | D:5      | Reached skill level 6 in Shields
  4669 | D:5      | Reached XP level 8. HP: 73/74 MP: 8/8
  4776 | D:5      | 4776 ||| Stepping ~*~*~tactically~*~*~ (hiding).
  4786 | D:5      | 4786 ||| Stepping ~*~*~tactically~*~*~ (outnumbered).
  4799 | D:5      | 4799 ||| FLEEEEING.
  4800 | D:5      | 4800 ||| FLEEEEING.
  4806 | D:5      | 4806 ||| FLEEEEING.
  4808 | D:5      | 4808 ||| FLEEEEING.
  4809 | D:5      | 4809 ||| FLEEEEING.
  4810 | D:5      | 4810 ||| FLEEEEING.
  4811 | D:5      | 4811 ||| FLEEEEING.
  4812 | D:5      | 4812 ||| FLEEEEING.
  4881 | D:5      | Found a staircase to the Ecumenical Temple.
  5268 | D:5      | 5268 ||| READING scroll labelled POCHES KIUZYAL.
  5283 | D:6      | Reached skill level 8 in Unarmed Combat
  5319 | D:6      | Reached skill level 3 in Fighting
  5388 | D:6      | 5388 ||| Stepping ~*~*~tactically~*~*~ (outnumbered).
  5398 | D:6      | 5398 ||| Stepping ~*~*~tactically~*~*~ (stealth).
  5413 | D:6      | 5413 ||| Stepping ~*~*~tactically~*~*~ (stealth).
  5419 | D:6      | 5419 ||| Stepping ~*~*~tactically~*~*~ (stealth).
  5455 | D:6      | Found a transporter.
  5468 | D:6      | Found a transporter.
  5477 | D:6      | Noticed qw's ghost (novice TrCA)
  5599 | D:6      | 5599 ||| Stepping ~*~*~tactically~*~*~ (hiding).
  5627 | D:6      | 5627 ||| Stepping ~*~*~tactically~*~*~ (stealth).
  5747 | D:6      | 5747 ||| Stepping ~*~*~tactically~*~*~ (hiding).
  5755 | D:6      | Reached skill level 9 in Unarmed Combat
  5762 | D:6      | Reached skill level 1 in Throwing
  5763 | D:6      | 5763 ||| Stepping ~*~*~tactically~*~*~ (outnumbered).
  5766 | D:6      | 5766 ||| INVOKING Fiery Armour.
  5771 | D:6      | HP: 14/74 [wight/+0 great sword (16)]
  5772 | D:6      | 5772 ||| READING 2 scrolls of teleportation.
  5772 | D:6      | HP: 1/72 [white imp/puff of frost (7)]
  5773 | D:6      | 5773 ||| DRINKING 3 potions of heal wounds.
  5778 | D:6      | 5778 ||| FLEEEEING.
  5779 | D:6      | 5779 ||| FLEEEEING.
  5780 | D:6      | 5780 ||| FLEEEEING.
  5781 | D:6      | 5781 ||| FLEEEEING.
  5787 | D:6      | 5787 ||| FLEEEEING.
  5788 | D:6      | 5788 ||| FLEEEEING.
  5789 | D:6      | 5789 ||| FLEEEEING.
  5791 | D:6      | 5791 ||| FLEEEEING.
  5795 | D:6      | 5795 ||| FLEEEEING.
  5796 | D:6      | 5796 ||| FLEEEEING.
  5797 | D:6      | 5797 ||| FLEEEEING.
  5798 | D:6      | 5798 ||| FLEEEEING.
  5799 | D:6      | 5799 ||| FLEEEEING.
  5800 | D:6      | 5800 ||| FLEEEEING.
  5801 | D:6      | 5801 ||| FLEEEEING.
  5802 | D:6      | 5802 ||| FLEEEEING.
  5803 | D:6      | 5803 ||| FLEEEEING.
  5808 | D:6      | 5808 ||| FLEEEEING.
  5809 | D:6      | 5809 ||| FLEEEEING.
  5810 | D:6      | 5810 ||| STAIRDANCE
  5825 | D:5      | 5825 ||| DROPPING ring of ice.
  5875 | D:6      | Found an iron altar of Okawaru.
  6055 | D:6      | 6055 ||| READING 2 scrolls of identify.
  6055 | D:6      | 6055 ||| IDENTIFYING sedimented silvery potion
  6056 | D:6      | 6056 ||| DROPPING potion of lignification.
  6092 | D:7      | Reached XP level 9. HP: 72/81 MP: 9/9
  6092 | D:7      | 6092 ||| STAIRDANCE
  6105 | D:7      | 6105 ||| STAIRDANCE
  6115 | D:7      | Reached skill level 1 in Dodging
  6115 | D:7      | 6115 ||| STAIRDANCE
  6145 | D:7      | 6145 ||| Stepping ~*~*~tactically~*~*~ (hiding).
  6216 | D:7      | Found a broken altar of Ashenzari.
  6237 | D:7      | Found an opulent altar of Gozag.
  6238 | D:7      | 6238 ||| INVOKING Fiery Armour.
  6246 | D:7      | Found a shimmering blue altar of Sif Muna.
  6273 | D:7      | 6273 ||| Stepping ~*~*~tactically~*~*~ (hiding).
  6324 | D:7      | 6324 ||| Stepping ~*~*~tactically~*~*~ (hiding).
  6331 | D:7      | Reached skill level 10 in Unarmed Combat
  6401 | D:7      | 6401 ||| Stepping ~*~*~tactically~*~*~ (outnumbered).
  6405 | D:7      | 6405 ||| Stepping ~*~*~tactically~*~*~ (outnumbered).
  6414 | D:7      | 6414 ||| Stepping ~*~*~tactically~*~*~ (hiding).
  6425 | D:7      | 6425 ||| Stepping ~*~*~tactically~*~*~ (outnumbered).
  6428 | D:7      | 6428 ||| Stepping ~*~*~tactically~*~*~ (outnumbered).
  6429 | D:7      | 6429 ||| Stepping ~*~*~tactically~*~*~ (outnumbered).
  6480 | D:7      | Found a sacrificial altar of Ru.
  6523 | D:7      | Found a white marble altar of Elyvilon.
  6675 | D:7      | Found a basalt altar of Yredelemnul.
  6816 | D:7      | 6816 ||| Stepping ~*~*~tactically~*~*~ (outnumbered).
  6817 | D:7      | 6817 ||| Stepping ~*~*~tactically~*~*~ (outnumbered).
  6821 | D:7      | 6821 ||| Stepping ~*~*~tactically~*~*~ (outnumbered).
  6822 | D:7      | 6822 ||| Stepping ~*~*~tactically~*~*~ (outnumbered).
  6824 | D:7      | 6824 ||| Stepping ~*~*~tactically~*~*~ (outnumbered).
  6931 | D:7      | 6931 ||| UPGRADING to +0 steam dragon scales.
  6941 | D:7      | 6941 ||| DROPPING +0 robe.
  7027 | D:8      | 7027 ||| Stepping ~*~*~tactically~*~*~ (stealth).
  7041 | D:8      | Reached skill level 1 in Armour
  7101 | D:8      | Found a shimmering altar of Xom.
  7112 | D:8      | Found a bloodstained altar of Trog.
  7182 | D:8      | 7182 ||| Stepping ~*~*~tactically~*~*~ (hiding).
  7193 | D:8      | 7193 ||| DRINKING 8 potions of curing.
  7193 | D:8      | 7193 ||| (to cure confusion)
  7418 | D:8      | Noticed a two-headed ogre
  7428 | D:8      | Reached XP level 10. HP: 92/92 MP: 10/10
  7431 | D:8      | Killed a two-headed ogre
  7432 | D:8      | Reached skill level 11 in Unarmed Combat
  7582 | D:8      | 7582 ||| Stepping ~*~*~tactically~*~*~ (stealth).
  7631 | D:8      | Found a snail-covered altar of Cheibriados.
  7892 | D:8      | 7892 ||| READING scroll labelled HYPRIG UMOT.
  7893 | D:8      | 7893 ||| READING 5 scrolls of identify.
  7893 | D:8      | 7893 ||| IDENTIFYING viscous pink potion
  7894 | D:8      | 7894 ||| DROPPING potion of brilliance.
  7931 | D:9      | 7931 ||| Stepping ~*~*~tactically~*~*~ (outnumbered).
  7937 | D:9      | 7937 ||| INVOKING Fiery Armour.
  8033 | D:9      | Found an ornate altar of the Wu Jian Council.
  8037 | D:9      | 8037 ||| DRINKING 8 potions of curing.
  8037 | D:9      | 8037 ||| (to cure confusion)
  8042 | D:9      | 8042 ||| Stepping ~*~*~tactically~*~*~ (outnumbered).
  8043 | D:9      | 8043 ||| Stepping ~*~*~tactically~*~*~ (outnumbered).
  8044 | D:9      | 8044 ||| Stepping ~*~*~tactically~*~*~ (outnumbered).
  8045 | D:9      | 8045 ||| Stepping ~*~*~tactically~*~*~ (outnumbered).
  8046 | D:9      | 8046 ||| Stepping ~*~*~tactically~*~*~ (outnumbered).
  8047 | D:9      | 8047 ||| Stepping ~*~*~tactically~*~*~ (outnumbered).
  8048 | D:9      | 8048 ||| Stepping ~*~*~tactically~*~*~ (outnumbered).
  8049 | D:9      | 8049 ||| Stepping ~*~*~tactically~*~*~ (outnumbered).
  8050 | D:9      | 8050 ||| Stepping ~*~*~tactically~*~*~ (outnumbered).
  8051 | D:9      | 8051 ||| Stepping ~*~*~tactically~*~*~ (outnumbered).
  8052 | D:9      | 8052 ||| Stepping ~*~*~tactically~*~*~ (outnumbered).
  8056 | D:9      | 8056 ||| Stepping ~*~*~tactically~*~*~ (outnumbered).
  8057 | D:9      | 8057 ||| Stepping ~*~*~tactically~*~*~ (outnumbered).
  8059 | D:9      | 8059 ||| Stepping ~*~*~tactically~*~*~ (outnumbered).
  8060 | D:9      | 8060 ||| Stepping ~*~*~tactically~*~*~ (outnumbered).
  8062 | D:9      | 8062 ||| Stepping ~*~*~tactically~*~*~ (outnumbered).
  8063 | D:9      | 8063 ||| Stepping ~*~*~tactically~*~*~ (outnumbered).
  8064 | D:9      | 8064 ||| Stepping ~*~*~tactically~*~*~ (outnumbered).
  8065 | D:9      | 8065 ||| Stepping ~*~*~tactically~*~*~ (outnumbered).
  8066 | D:9      | 8066 ||| Stepping ~*~*~tactically~*~*~ (outnumbered).
  8067 | D:9      | 8067 ||| Stepping ~*~*~tactically~*~*~ (outnumbered).
  8068 | D:9      | 8068 ||| Stepping ~*~*~tactically~*~*~ (outnumbered).
  8069 | D:9      | 8069 ||| Stepping ~*~*~tactically~*~*~ (outnumbered).
  8070 | D:9      | 8070 ||| Stepping ~*~*~tactically~*~*~ (outnumbered).
  8071 | D:9      | 8071 ||| Stepping ~*~*~tactically~*~*~ (outnumbered).
  8072 | D:9      | 8072 ||| Stepping ~*~*~tactically~*~*~ (outnumbered).
  8073 | D:9      | 8073 ||| Stepping ~*~*~tactically~*~*~ (outnumbered).
  8074 | D:9      | 8074 ||| Stepping ~*~*~tactically~*~*~ (outnumbered).
  8075 | D:9      | 8075 ||| Stepping ~*~*~tactically~*~*~ (outnumbered).
  8076 | D:9      | 8076 ||| Stepping ~*~*~tactically~*~*~ (outnumbered).
  8077 | D:9      | 8077 ||| Stepping ~*~*~tactically~*~*~ (outnumbered).
  8078 | D:9      | 8078 ||| Stepping ~*~*~tactically~*~*~ (outnumbered).
  8081 | D:9      | 8081 ||| Stepping ~*~*~tactically~*~*~ (outnumbered).
  8082 | D:9      | 8082 ||| Stepping ~*~*~tactically~*~*~ (outnumbered).
  8083 | D:9      | 8083 ||| Stepping ~*~*~tactically~*~*~ (outnumbered).
  8084 | D:9      | 8084 ||| Stepping ~*~*~tactically~*~*~ (outnumbered).
  8085 | D:9      | 8085 ||| Stepping ~*~*~tactically~*~*~ (outnumbered).
  8086 | D:9      | 8086 ||| Stepping ~*~*~tactically~*~*~ (outnumbered).
  8087 | D:9      | 8087 ||| Stepping ~*~*~tactically~*~*~ (outnumbered).
  8088 | D:9      | 8088 ||| Stepping ~*~*~tactically~*~*~ (outnumbered).
  8089 | D:9      | 8089 ||| Stepping ~*~*~tactically~*~*~ (outnumbered).
  8090 | D:9      | 8090 ||| Stepping ~*~*~tactically~*~*~ (outnumbered).
  8091 | D:9      | 8091 ||| Stepping ~*~*~tactically~*~*~ (outnumbered).
  8092 | D:9      | 8092 ||| Stepping ~*~*~tactically~*~*~ (outnumbered).
  8094 | D:9      | 8094 ||| Stepping ~*~*~tactically~*~*~ (outnumbered).
  8095 | D:9      | 8095 ||| Stepping ~*~*~tactically~*~*~ (outnumbered).
  8147 | D:9      | 8147 ||| READING 2 scrolls of teleportation.
  8149 | D:9      | 8149 ||| FLEEEEING.
  8166 | D:9      | 8166 ||| Stepping ~*~*~tactically~*~*~ (outnumbered).
  8169 | D:9      | 8169 ||| Stepping ~*~*~tactically~*~*~ (outnumbered).
  8170 | D:9      | 8170 ||| Stepping ~*~*~tactically~*~*~ (outnumbered).
  8174 | D:9      | 8174 ||| Stepping ~*~*~tactically~*~*~ (outnumbered).
  8175 | D:9      | 8175 ||| Stepping ~*~*~tactically~*~*~ (outnumbered).
  8176 | D:9      | 8176 ||| Stepping ~*~*~tactically~*~*~ (outnumbered).
  8177 | D:9      | 8177 ||| Stepping ~*~*~tactically~*~*~ (outnumbered).
  8183 | D:9      | Reached skill level 9 in Shields
  8338 | D:9      | 8338 ||| Stepping ~*~*~tactically~*~*~ (outnumbered).
  8339 | D:9      | 8339 ||| Stepping ~*~*~tactically~*~*~ (outnumbered).
  8385 | D:9      | HP: 22/92 [something (6)]
  8390 | D:9      | HP: 14/92 [something (2)]
  8392 | D:9      | HP: 3/92 [something (7)]
  8394 | D:9      | Slain by an unseen horror

Levels and vault maps discovered:
D:1:      dpeg_arrival_tiny_i, layout_loops_ring,
          chequers_ecumenical_altar_island, serial_shops,
          nicolae_shop_waterfront, minmay_worlds_worst_comb
D:2:      layout_loops_corners, serial_shops, nicolae_shop_advertising_works
          [nicolae_subvault_shop_adworks], uniq_jessica
D:3:      layout_basic, general_overflow_altar
D:4:      layout_basic
D:5:      nicolae_BIG_FREAKIN_CUBE, layout_cave_pods, minmay_temple_entry_tees,
          gup_sewer_entry_glass, uniq_edmund
D:6:      layout_loops_ring, nicolae_overflow_crystal_walls,
          gammafunk_ghost_stat_death, minmay_lizard_king
D:7:      layout_gridville, cheibrodos_ashenzari_chains, elyvilon_altar_1,
          nicolae_overflow_squiral, nicolae_yredelemnul_corpse_copse,
          nicolae_ru_sacrificial_ziggurat
D:8:      layout_loops_corners, mainiacjoe_overflow_surrounded_room,
          mainiacjoe_overflow_tiny_flanked, mainiacjoe_overflow_24_doors
D:9:      layout_big_octagon, nicolae_wu_jian_immortal_techniques,
          david_lair_shrubbed, minivault_8

Skill      XL: |  1  2  3  4  5  6  7  8  9 10 |
---------------+-------------------------------+-----
Unarmed Combat | 4 6 7 9 10 11 | 11.4
Shields        | 1 3 4 6 7 8 9 |  9.0
Fighting       | 3 4 |  4.0
Throwing       | 1 |  1.2
Dodging        | 1 |  1.3
Armour         | 1 |  1.3
Spellcasting   | |  1.0
Fire Magic     | |  2.1

Action                   |  1- 3 |  4- 6 |  7- 9 | 10-12 || total
-------------------------+-------+-------+-------+-------++-------
Melee: Unarmed           |   113 |   150 |   440 |   105 ||   808
       Punch             |     2 |       |       |       ||     2
Throw: Boomerang         |    12 |    54 |   105 |    18 ||   189
Invok: Fiery Armour      |       |     2 |     3 |     1 ||     6
  Use: Scroll            |     1 |    10 |    10 |     3 ||    24
       Potion            |       |       |     4 |     1 ||     5
Armor: Robe              |    43 |    16 |    79 |       ||   138
       Steam dragon scal |       |       |     5 |    45 ||    50
Dodge: Dodged            |    29 |    60 |   186 |    64 ||   339
Block: Kite shield       |    12 |    47 |   125 |    83 ||   267

Table legend:
 A = Non-vault XP
 B = Vault XP
 C = Vault XP percentage of total XP
 D = Non-vault monster count
 E = Vault monster count
 F = Vault count percentage of total count
                 A         B        C        D         E       F
            +---------+---------+-------+---------+---------+-------
      Total |    7019 |     810 |  10.3 |     236 |      63 |  21.1
            +---------+---------+-------+---------+---------+-------
        D:1 |      41 |       8 |  16.3 |      23 |       4 |  14.8
        D:2 |      84 |      37 |  30.6 |      29 |       1 |   3.3
        D:3 |     158 |       0 |   0.0 |      22 |       0 |   0.0
        D:4 |     507 |       0 |   0.0 |      37 |       0 |   0.0
        D:5 |     605 |     211 |  25.9 |      23 |       7 |  23.3
        D:6 |     996 |      43 |   4.1 |      22 |       7 |  24.1
        D:7 |    1513 |     383 |  20.2 |      36 |       8 |  18.2
        D:8 |    2101 |       0 |   0.0 |      21 |       0 |   0.0
        D:9 |    1014 |       0 |   0.0 |      23 |       0 |   0.0
      Sewer |       0 |     128 | 100.0 |       0 |      36 | 100.0
            +---------+---------+-------+---------+---------+-------
